 Dungeon Crawl Stone Soup version 0.29.0-4-gdea44cf6ec (webtiles) character file.

Game seed: 12044135145266975171

7585 qw the Grappler (level 10, -2/98 HPs)
             Began as a Troll Cinder Acolyte on Aug 31, 2022.
             Was a Follower of Ignis.
             Slain by a boulder beetle (15 damage)
             ... on level 10 of the Dungeon.
             The game lasted 00:04:39 (8377 turns).

qw the Grappler (Troll Cinder Acolyte)              Turns: 8377, Time: 00:04:39

Health: -2/98      AC: 14    Str: 28    XL:     10   Next: 97%
Magic:  10/10      EV: 13    Int: 15    God:    Ignis [*.....]
Gold:   611        SH:  5    Dex:  5    Spells: 11/11 levels left

rFire   + . .      SeeInvis .     - Unarmed
rCold   . . .      Faith    .   (no shield)
rNeg    . . .      Spirit   .   p - +0 steam dragon scales
rPois   .          Reflect  +   (helmet restricted)
rElec   .          Harm     .   (no cloak)
rCorr   .          Rampage  .   (gloves unavailable)
Will    .....                   (boots unavailable)
Stlth   +.........              n - amulet of reflection
HPRegen 1.06/turn               g - ring "Ahaseloco" {EV+4 Int+5}
MPRegen 0.12/turn               (no ring)

@: about to teleport, fiery-armoured
A: large, unfitting armour, claws 3, regeneration 1, shaggy fur 1, tough skin 1
a: Renounce Religion, Fiery Armour, Foxfire Swarm, Rising Flame


You were on level 10 of the Dungeon.
You worshipped Ignis.
Ignis was aware of your devotion.
You visited 1 branch of the dungeon, and saw 10 of its levels.

You collected 611 gold pieces.


Innate Abilities, Weirdness & Mutations

You are too large for most types of armour.
You have claws for hands.
Your natural rate of healing is unusually fast.
You are covered in fur. (AC +1)
You have tough skin. (AC +1)


   Skills:
 - Level 6.1 Fighting
 - Level 3.1 Throwing
 - Level 2.9 Armour
 - Level 1.1 Dodging
 + Level 14.6 Unarmed Combat
 - Level 1.0 Spellcasting
 - Level 2.1 Fire Magic


You had 11 spell levels left.
You didn't know any spells.
Your spell library contained the following spells:

 Spells                   Type           Power      Damage    Failure   Level
 Scorch                   Fire           14%        2d6       16%         2

Inventory:

Missiles
 l - 2 boomerangs
 o - 10 javelins (quivered)
Armour
 p - +0 steam dragon scales (worn)
Jewellery
 a - an amulet of the acrobat
 g - the ring "Ahaseloco" (left claw) {EV+4 Int+5}
   (You acquired it on level 7 of the Dungeon)

   [ring of evasion]

   EV:        It affects your evasion (+4).
   Int:       It affects your intelligence (+5).
 n - an amulet of reflection (around neck)
Scrolls
 d - a scroll of identify
 h - 3 scrolls of teleportation
Potions
 b - a potion of might
 c - 2 potions of curing
 e - 3 potions of mutation
 j - a potion of invisibility {unknown}
 k - a potion of resistance {unknown}

Dungeon Overview and Level Annotations

Branches:
Dungeon (10/15)            Temple (0/1) D:7
   Lair: D:8-11         Orc: D:9-12

Altars:
Nemelex Xobeh
Xom
Yredelemnul
Zin

Annotations:
D:7 3 runed translucent doors, qw's ghost, novice TeWr; qw's ghost, novice TrCA
D:10 Fannar


Message History

Fannar points at you and mumbles some strange words.
The bolt of cold hits you!
A kobold comes into view. It is wielding a +0 short sword.
Found a morningstar.
The kobold shouts!
You hear a bellow!
Fannar hits you but does no damage. Fannar freezes you!
A death yak comes into view.
The death yak bellows!
You scratch the boulder beetle but do no damage.
You block the kobold brigand's attack. The boulder beetle bites you!!
Fannar hits you with a staff of cold. Fannar freezes you.
Fannar is burned by your cloak of flames.
Fannar is lightly wounded.
You scratch Fannar but do no damage.
Fannar is lightly wounded.
The kobold brigand barely misses you.
You completely miss Fannar.
Fannar is lightly wounded.
The boulder beetle bites you but does no damage.
A death yak comes into view.
Fannar closely misses you.
The kobold brigand hits you but does no damage.
The kobold brigand is burned by your cloak of flames.
The kobold brigand is moderately wounded.
You barely miss the kobold brigand.
The kobold brigand is moderately wounded.
The boulder beetle bites you!
The boulder beetle is burned by your cloak of flames.
The boulder beetle is lightly wounded.
Fannar murmurs some mystic words to themself.
Fannar hits you but does no damage. Fannar freezes you!
Fannar is burned by your cloak of flames.
Fannar is lightly wounded.
A death yak comes into view.
8377 ||| READING 4 scrolls of teleportation.
As you read the scroll of teleportation, it crumbles to dust.
You feel strangely unstable.
The death yak bellows!
You block the kobold brigand's attack. The boulder beetle bites you!
You die...

... ~~~.~~~.~~.~. .... )
~~~.~~~.~~.~. ...#.
~~~.~~~.~~.~. ...#
~~~.~~~.~~.~.
#####.####~~.~~~.~~.#.
#..........~.~~~.~~.#.
#..........#.~~~.~#.##
#...K......#.~~~.##.##
#...B@.....#.#~~.##...
#...eKK....#.###.#####
#..K.........#.......#
...............#.#......
.Y.Y.........#..<...#.##
Y............#..##..#...
....#########.......####
.... ########..###.?....
...........)..>####


You could see Fannar, 3 death yaks, a boulder beetle, a kobold brigand and 3
kobolds.

Vanquished Creatures
  A two-headed ogre (D:8)
  Erica (D:9)
  Pikel (D:4)
  3 kobold demonologists (D:10)
  A wraith (D:8)
  2 wyverns
  3 steam dragons
  A water moccasin (D:6)
  An ice beast (D:4)
  3 orc warriors
  3 black bears
  3 ogres
  6 centaurs
  6 kobold brigands
  A gnoll sergeant (D:10)
  4 bullfrogs
  2 scorpions (D:6)
  8 wights
  8 killer bees
  4 electric eels
  3 jellies
  5 hounds
  7 orc priests
  A gnoll bouda (D:9)
  2 iguanas
  Ijyb (D:3)
  7 orc wizards
  8 adders
  12 gnolls
  3 shadow imps
  2 ufetubi
  2 dart slugs
  25 orcs
  3 bats
  7 endoplasms
  6 giant cockroaches
  7 goblins
  7 hobgoblins
  6 jackals (D:4)
  42 kobolds
  4 quokkas
  6 ball pythons
  A frilled lizard (D:1)
  A quokka zombie (D:5)
  4 rats (D:1)
  A rat zombie (D:5)
235 creatures vanquished.

Vanquished Creatures (others)
  31 plants (D:5)
  2 withered plants (D:7)
33 creatures vanquished.

Grand Total: 268 creatures vanquished

Notes
Turn   | Place    | Note
-------+----------+-------------------------------------------
     0 | D:1      | qw the Troll Cinder Acolyte began the quest for the Orb.
     0 | D:1      | Reached XP level 1. HP: 22/22 MP: 1/1
     0 | D:1      | 0 ||| qw: Version: 0.1-a-97-g2dd2ca4
     0 | D:1      | 0 ||| qw: Game counter: 4664
     0 | D:1      | 0 ||| qw: Always use a shield: true
     0 | D:1      | 0 ||| qw: God list: Okawaru
     0 | D:1      | 0 ||| qw: Allow faded altars: false
     0 | D:1      | 0 ||| qw: Do Orc after D:15 true
     0 | D:1      | 0 ||| qw: Do second Lair branch before Depths: true
     0 | D:1      | 0 ||| qw: Lair rune preference: random
     0 | D:1      | 0 ||| qw: Plans: Normal
     0 | D:1      | 0 ||| PLANNING D:1-11
    79 | D:1      | Reached XP level 2. HP: 29/29 MP: 2/2
   197 | D:1      | 197 ||| Stepping ~*~*~tactically~*~*~ (stealth).
   216 | D:1      | 216 ||| Stepping ~*~*~tactically~*~*~ (outnumbered).
   218 | D:1      | Reached skill level 4 in Unarmed Combat
   350 | D:1      | 350 ||| Stepping ~*~*~tactically~*~*~ (stealth).
   366 | D:1      | 366 ||| Stepping ~*~*~tactically~*~*~ (stealth).
   367 | D:1      | 367 ||| Stepping ~*~*~tactically~*~*~ (stealth).
   384 | D:1      | Reached XP level 3. HP: 36/36 MP: 3/3
   493 | D:1      | 493 ||| READING 2 scrolls labelled ARRAKLU ZUSUR.
   494 | D:1      | 494 ||| DRINKING 2 metallic brown potions.
   660 | D:2      | 660 ||| Stepping ~*~*~tactically~*~*~ (stealth).
  1410 | D:2      | 1410 ||| READING scroll labelled IPONENT UCZUESM.
  1411 | D:2      | 1411 ||| READING scroll labelled FUASCHELIESK.
  1412 | D:2      | 1412 ||| READING scroll labelled HUPNUO FADEOSE.
  1483 | D:3      | 1483 ||| Stepping ~*~*~tactically~*~*~ (hiding).
  1487 | D:3      | 1487 ||| Stepping ~*~*~tactically~*~*~ (hiding).
  1491 | D:3      | 1491 ||| INVOKING Fiery Armour.
  1495 | D:3      | 1495 ||| Stepping ~*~*~tactically~*~*~ (outnumbered).
  1497 | D:3      | 1497 ||| Stepping ~*~*~tactically~*~*~ (outnumbered).
  1498 | D:3      | 1498 ||| Stepping ~*~*~tactically~*~*~ (outnumbered).
  1500 | D:3      | 1500 ||| Stepping ~*~*~tactically~*~*~ (outnumbered).
  1502 | D:3      | Reached skill level 5 in Unarmed Combat
  1502 | D:3      | Reached XP level 4. HP: 35/44 MP: 4/4
  1552 | D:3      | Found a faded altar of an unknown god.
  1618 | D:3      | Noticed Ijyb
  1623 | D:3      | Killed Ijyb
  1631 | D:3      | 1631 ||| Stepping ~*~*~tactically~*~*~ (stealth).
  1632 | D:3      | 1632 ||| Stepping ~*~*~tactically~*~*~ (stealth).
  1633 | D:3      | 1633 ||| Stepping ~*~*~tactically~*~*~ (stealth).
  1634 | D:3      | 1634 ||| Stepping ~*~*~tactically~*~*~ (stealth).
  1635 | D:3      | 1635 ||| Stepping ~*~*~tactically~*~*~ (stealth).
  1636 | D:3      | 1636 ||| Stepping ~*~*~tactically~*~*~ (stealth).
  1637 | D:3      | 1637 ||| Stepping ~*~*~tactically~*~*~ (stealth).
  1638 | D:3      | 1638 ||| Stepping ~*~*~tactically~*~*~ (stealth).
  1639 | D:3      | 1639 ||| Stepping ~*~*~tactically~*~*~ (stealth).
  1659 | D:3      | 1659 ||| Stepping ~*~*~tactically~*~*~ (stealth).
  1661 | D:3      | 1661 ||| Stepping ~*~*~tactically~*~*~ (hiding).
  1937 | D:3      | Found a glowing silver altar of Zin.
  1938 | D:3      | Noticed an angel
  2023 | D:3      | 2023 ||| DRINKING 2 viscous yellow potions.
  2066 | D:4      | Reached XP level 5. HP: 50/50 MP: 5/5
  2085 | D:4      | 2085 ||| Stepping ~*~*~tactically~*~*~ (hiding).
  2089 | D:4      | 2089 ||| Stepping ~*~*~tactically~*~*~ (hiding).
  2092 | D:4      | Reached skill level 6 in Unarmed Combat
  2125 | D:4      | 2125 ||| Stepping ~*~*~tactically~*~*~ (stealth).
  2126 | D:4      | Noticed an ice beast
  2134 | D:4      | 2134 ||| Stepping ~*~*~tactically~*~*~ (outnumbered).
  2135 | D:4      | 2135 ||| Stepping ~*~*~tactically~*~*~ (outnumbered).
  2136 | D:4      | 2136 ||| Stepping ~*~*~tactically~*~*~ (outnumbered).
  2137 | D:4      | 2137 ||| Stepping ~*~*~tactically~*~*~ (outnumbered).
  2138 | D:4      | 2138 ||| Stepping ~*~*~tactically~*~*~ (outnumbered).
  2143 | D:4      | Killed an ice beast
  2144 | D:4      | Reached XP level 6. HP: 31/59 MP: 6/6
  2204 | D:4      | 2204 ||| INVOKING Fiery Armour.
  2210 | D:4      | Reached skill level 7 in Unarmed Combat
  2210 | D:4      | HP: 10/59 [orc priest/divine providence (10)]
  2211 | D:4      | 2211 ||| DRINKING 2 potions of heal wounds.
  2455 | D:4      | 2455 ||| Stepping ~*~*~tactically~*~*~ (hiding).
  2569 | D:4      | 2569 ||| Stepping ~*~*~tactically~*~*~ (outnumbered).
  2570 | D:4      | 2570 ||| Stepping ~*~*~tactically~*~*~ (outnumbered).
  2638 | D:4      | 2638 ||| Stepping ~*~*~tactically~*~*~ (stealth).
  2682 | D:4      | Noticed Pikel
  2694 | D:4      | Killed Pikel
  2695 | D:4      | Reached skill level 9 in Unarmed Combat
  2695 | D:4      | Reached XP level 7. HP: 43/66 MP: 7/7
  2721 | D:4      | 2721 ||| Stepping ~*~*~tactically~*~*~ (hiding).
  2722 | D:4      | 2722 ||| INVOKING Fiery Armour.
  2726 | D:4      | 2726 ||| Stepping ~*~*~tactically~*~*~ (outnumbered).
  2832 | D:4      | 2832 ||| READING scroll labelled SOHAKABR VAFFOI.
  2833 | D:4      | 2833 ||| DRINKING 2 viscous blue potions.
  2934 | D:4      | 2934 ||| DROPPING potion of ambrosia.
  2945 | D:5      | Entered Level 5 of the Dungeon
  2946 | D:5      | 2946 ||| PLANNING OSSUARY
  2950 | D:5      | 2950 ||| FLEEEEING.
  2951 | D:5      | 2951 ||| FLEEEEING.
  2953 | D:5      | 2953 ||| STAIRDANCE
  2964 | D:5      | 2964 ||| Stepping ~*~*~tactically~*~*~ (hiding).
  2969 | D:5      | 2969 ||| INVOKING Fiery Armour.
  2973 | D:5      | Reached skill level 3 in Fighting
  2976 | D:5      | 2976 ||| FLEEEEING.
  2977 | D:5      | 2977 ||| STAIRDANCE
  2998 | D:5      | Reached skill level 1 in Throwing
  3014 | D:5      | Reached skill level 1 in Dodging
  3014 | D:5      | Reached XP level 8. HP: 75/75 MP: 8/8
  3119 | D:5      | 3119 ||| Stepping ~*~*~tactically~*~*~ (stealth).
  3135 | D:5      | 3135 ||| Stepping ~*~*~tactically~*~*~ (hiding).
  3137 | D:5      | 3137 ||| INVOKING Fiery Armour.
  3139 | D:5      | 3139 ||| FLEEEEING.
  3140 | D:5      | 3140 ||| FLEEEEING.
  3142 | D:5      | 3142 ||| Stepping ~*~*~tactically~*~*~ (hiding).
  3234 | D:5      | 3234 ||| Stepping ~*~*~tactically~*~*~ (stealth).
  3240 | D:5      | 3240 ||| Stepping ~*~*~tactically~*~*~ (stealth).
  3241 | D:5      | 3241 ||| Stepping ~*~*~tactically~*~*~ (stealth).
  3260 | D:5      | 3260 ||| Stepping ~*~*~tactically~*~*~ (stealth).
  3267 | D:5      | 3267 ||| Stepping ~*~*~tactically~*~*~ (stealth).
  3272 | D:5      | 3272 ||| Stepping ~*~*~tactically~*~*~ (stealth).
  3276 | D:5      | 3276 ||| Stepping ~*~*~tactically~*~*~ (stealth).
  3281 | D:5      | 3281 ||| Stepping ~*~*~tactically~*~*~ (stealth).
  3290 | D:5      | 3290 ||| Stepping ~*~*~tactically~*~*~ (stealth).
  3291 | D:5      | 3291 ||| Stepping ~*~*~tactically~*~*~ (stealth).
  3296 | D:5      | 3296 ||| Stepping ~*~*~tactically~*~*~ (stealth).
  3299 | D:5      | 3299 ||| Stepping ~*~*~tactically~*~*~ (stealth).
  3309 | D:5      | 3309 ||| Stepping ~*~*~tactically~*~*~ (outnumbered).
  3310 | D:5      | 3310 ||| Stepping ~*~*~tactically~*~*~ (outnumbered).
  3312 | D:5      | 3312 ||| INVOKING Fiery Armour.
  3315 | D:5      | Reached skill level 10 in Unarmed Combat
  3327 | D:5      | 3327 ||| Stepping ~*~*~tactically~*~*~ (stealth).
  3336 | D:5      | 3336 ||| Stepping ~*~*~tactically~*~*~ (outnumbered).
  3356 | D:5      | 3356 ||| Stepping ~*~*~tactically~*~*~ (stealth).
  3372 | D:5      | 3372 ||| Stepping ~*~*~tactically~*~*~ (stealth).
  3517 | D:5      | 3517 ||| Stepping ~*~*~tactically~*~*~ (hiding).
  3518 | D:5      | 3518 ||| Stepping ~*~*~tactically~*~*~ (hiding).
  3519 | D:5      | 3519 ||| Stepping ~*~*~tactically~*~*~ (hiding).
  3570 | D:5      | 3570 ||| Stepping ~*~*~tactically~*~*~ (stealth).
  3573 | D:5      | 3573 ||| Stepping ~*~*~tactically~*~*~ (stealth).
  3612 | D:5      | Found a sand-covered staircase.
  3613 | D:5      | 3613 ||| READING scroll labelled MOWNICKALIO.
  3614 | D:5      | 3614 ||| READING scroll labelled DESEDI JACWUUPT.
  3615 | D:5      | 3615 ||| READING scroll labelled UKABRA PURCHY.
  3616 | D:5      | 3616 ||| READING scroll of teleportation.
  3617 | D:5      | 3617 ||| RIP OSSUARY
  3617 | D:5      | 3617 ||| PLANNING D:1-11
  3911 | D:5      | 3911 ||| READING 2 scrolls of identify.
  3911 | D:5      | 3911 ||| IDENTIFYING brown potion
  3952 | D:6      | 3952 ||| Stepping ~*~*~tactically~*~*~ (hiding).
  3953 | D:6      | 3953 ||| Stepping ~*~*~tactically~*~*~ (hiding).
  3953 | D:6      | You fall into a shaft and drop 1 floor!
  4124 | D:7      | Found a runed translucent gate.
  4124 | D:7      | Found a runed translucent gate.
  4124 | D:7      | Found a runed translucent gate.
  4125 | D:7      | Noticed qw's ghost (novice TrCA)
  4125 | D:7      | Noticed qw's ghost (novice TrCA)
  4126 | D:7      | Noticed qw's ghost (novice TeWr)
  4126 | D:7      | Noticed qw's ghost (novice TeWr)
  4346 | D:6      | 4346 ||| Stepping ~*~*~tactically~*~*~ (hiding).
  4347 | D:6      | 4347 ||| Stepping ~*~*~tactically~*~*~ (hiding).
  4348 | D:6      | 4348 ||| Stepping ~*~*~tactically~*~*~ (hiding).
  4381 | D:6      | 4381 ||| Stepping ~*~*~tactically~*~*~ (stealth).
  4382 | D:6      | 4382 ||| Stepping ~*~*~tactically~*~*~ (stealth).
  4394 | D:6      | 4394 ||| Stepping ~*~*~tactically~*~*~ (hiding).
  4395 | D:6      | 4395 ||| Stepping ~*~*~tactically~*~*~ (hiding).
  4450 | D:6      | 4450 ||| INVOKING Fiery Armour.
  4452 | D:6      | HP: 18/78 [centaur (5)]
  4452 | D:6      | HP: 8/78 [ogre/+0 giant spiked club (10)]
  4453 | D:6      | 4453 ||| READING 4 scrolls of teleportation.
  4454 | D:6      | 4454 ||| DRINKING potion of heal wounds.
  4455 | D:6      | Reached XP level 9. HP: 14/84 MP: 9/9
  4457 | D:6      | Reached skill level 11 in Unarmed Combat
  4790 | D:6      | 4790 ||| Stepping ~*~*~tactically~*~*~ (hiding).
  4957 | D:6      | Reached skill level 3 in Throwing
  4957 | D:6      | 4957 ||| INVOKING Fiery Armour.
  5022 | D:6      | 5022 ||| UPGRADING to amulet of reflection.
  5027 | D:6      | 5027 ||| DRINKING 2 fizzy orange potions.
  5028 | D:6      | 5028 ||| READING 2 scrolls of identify.
  5028 | D:6      | 5028 ||| IDENTIFYING bubbling golden potion
  5029 | D:6      | 5029 ||| DROPPING potion of brilliance.
  5167 | D:7      | 5167 ||| Stepping ~*~*~tactically~*~*~ (stealth).
  5170 | D:7      | 5170 ||| Stepping ~*~*~tactically~*~*~ (outnumbered).
  5172 | D:7      | 5172 ||| Stepping ~*~*~tactically~*~*~ (outnumbered).
  5204 | D:7      | Found a staircase to the Ecumenical Temple.
  5294 | D:7      | Reached skill level 12 in Unarmed Combat
  5816 | D:7      | 5816 ||| READING scroll labelled DOMNYPPOBRA.
  5921 | D:8      | Noticed a two-headed ogre
  5928 | D:8      | Killed a two-headed ogre
  5929 | D:8      | Reached skill level 6 in Fighting
  5940 | D:8      | 5940 ||| Stepping ~*~*~tactically~*~*~ (stealth).
  5955 | D:8      | 5955 ||| INVOKING Fiery Armour.
  5963 | D:8      | 5963 ||| DRINKING 4 potions of curing.
  5963 | D:8      | 5963 ||| (to cure confusion)
  6099 | D:8      | 6099 ||| INVOKING Fiery Armour.
  6100 | D:8      | Reached XP level 10. HP: 71/98 MP: 10/10
  6100 | D:8      | 6100 ||| Stepping ~*~*~tactically~*~*~ (stealth).
  6102 | D:8      | 6102 ||| FLEEEEING.
  6103 | D:8      | 6103 ||| FLEEEEING.
  6104 | D:8      | 6104 ||| FLEEEEING.
  6105 | D:8      | 6105 ||| FLEEEEING.
  6106 | D:8      | 6106 ||| FLEEEEING.
  6108 | D:8      | 6108 ||| FLEEEEING.
  6111 | D:8      | 6111 ||| FLEEEEING.
  6120 | D:8      | 6120 ||| FLEEEEING.
  6121 | D:8      | 6121 ||| FLEEEEING.
  6122 | D:8      | 6122 ||| FLEEEEING.
  6123 | D:8      | 6123 ||| FLEEEEING.
  6124 | D:8      | 6124 ||| FLEEEEING.
  6125 | D:8      | 6125 ||| FLEEEEING.
  6126 | D:8      | 6126 ||| FLEEEEING.
  6127 | D:8      | 6127 ||| FLEEEEING.
  6128 | D:8      | 6128 ||| STAIRDANCE
  6202 | D:7      | 6202 ||| READING scroll labelled VICOUN UTEQA.
  6202 | D:7      | Identified a scroll of acquirement
  6202 | D:7      | 6202 ||| ACQUIRING ring "Ahaseloco" {EV+4 Int+5}
  6202 | D:7      | Acquired the ring "Ahaseloco" {EV+4 Int+5}
  6204 | D:7      | 6204 ||| UPGRADING to ring "Ahaseloco" {EV+4 Int+5}.
  6205 | D:7      | 6205 ||| READING 3 scrolls labelled BIUR FOUKUERCH.
  6206 | D:7      | 6206 ||| DRINKING 2 yellow potions.
  6207 | D:7      | 6207 ||| DROPPING potion of attraction.
  6208 | D:7      | 6208 ||| DROPPING 2 scrolls of blinking.
  6292 | D:8      | 6292 ||| Stepping ~*~*~tactically~*~*~ (stealth).
  6293 | D:8      | 6293 ||| Stepping ~*~*~tactically~*~*~ (stealth).
  6316 | D:8      | 6316 ||| Stepping ~*~*~tactically~*~*~ (stealth).
  6374 | D:8      | Found a sparkling altar of Nemelex Xobeh.
  6395 | D:8      | 6395 ||| INVOKING Fiery Armour.
  6396 | D:8      | 6396 ||| Stepping ~*~*~tactically~*~*~ (outnumbered).
  6397 | D:8      | 6397 ||| Stepping ~*~*~tactically~*~*~ (outnumbered).
  6398 | D:8      | 6398 ||| Stepping ~*~*~tactically~*~*~ (outnumbered).
  6590 | D:8      | 6590 ||| Stepping ~*~*~tactically~*~*~ (hiding).
  6657 | D:8      | Found a basalt altar of Yredelemnul.
  6662 | D:8      | 6662 ||| UPGRADING to +0 steam dragon scales.
  6672 | D:8      | 6672 ||| DROPPING +0 robe.
  6673 | D:8      | 6673 ||| READING scroll labelled YSKUAW CUCONU.
  6828 | D:9      | 6828 ||| Stepping ~*~*~tactically~*~*~ (stealth).
  6830 | D:9      | 6830 ||| Stepping ~*~*~tactically~*~*~ (hiding).
  6832 | D:9      | 6832 ||| Stepping ~*~*~tactically~*~*~ (hiding).
  6837 | D:9      | 6837 ||| FLEEEEING.
  6838 | D:9      | 6838 ||| FLEEEEING.
  6844 | D:9      | 6844 ||| Stepping ~*~*~tactically~*~*~ (hiding).
  6845 | D:9      | 6845 ||| Stepping ~*~*~tactically~*~*~ (hiding).
  6992 | D:9      | Noticed Erica
  6996 | D:9      | 6996 ||| DRINKING 3 potions of curing.
  6996 | D:9      | 6996 ||| (to cure confusion)
  7006 | D:9      | Killed Erica
  7181 | D:9      | Reached skill level 13 in Unarmed Combat
  7271 | D:9      | 7271 ||| Stepping ~*~*~tactically~*~*~ (stealth).
  7312 | D:9      | Found a shimmering altar of Xom.
  7359 | D:9      | 7359 ||| Stepping ~*~*~tactically~*~*~ (hiding).
  7365 | D:9      | 7365 ||| Stepping ~*~*~tactically~*~*~ (outnumbered).
  7366 | D:9      | 7366 ||| Stepping ~*~*~tactically~*~*~ (outnumbered).
  7367 | D:9      | 7367 ||| Stepping ~*~*~tactically~*~*~ (outnumbered).
  7368 | D:9      | 7368 ||| Stepping ~*~*~tactically~*~*~ (outnumbered).
  7371 | D:9      | 7371 ||| Stepping ~*~*~tactically~*~*~ (outnumbered).
  7864 | D:9      | 7864 ||| READING 3 scrolls of identify.
  7864 | D:9      | 7864 ||| IDENTIFYING clear potion
  7865 | D:9      | 7865 ||| READING 2 scrolls of identify.
  7865 | D:9      | 7865 ||| IDENTIFYING bubbling black potion
  7866 | D:9      | 7866 ||| DROPPING potion of degeneration.
  7867 | D:9      | 7867 ||| DROPPING potion of flight.
  7890 | D:10     | Entered Level 10 of the Dungeon
  7928 | D:10     | 7928 ||| Stepping ~*~*~tactically~*~*~ (hiding).
  7935 | D:10     | 7935 ||| Stepping ~*~*~tactically~*~*~ (outnumbered).
  8079 | D:10     | 8079 ||| Stepping ~*~*~tactically~*~*~ (hiding).
  8135 | D:10     | 8135 ||| Stepping ~*~*~tactically~*~*~ (stealth).
  8137 | D:10     | 8137 ||| Stepping ~*~*~tactically~*~*~ (stealth).
  8139 | D:10     | 8139 ||| Stepping ~*~*~tactically~*~*~ (stealth).
  8141 | D:10     | 8141 ||| INVOKING Fiery Armour.
  8143 | D:10     | 8143 ||| Stepping ~*~*~tactically~*~*~ (hiding).
  8147 | D:10     | 8147 ||| Stepping ~*~*~tactically~*~*~ (hiding).
  8148 | D:10     | 8148 ||| Stepping ~*~*~tactically~*~*~ (hiding).
  8149 | D:10     | 8149 ||| Stepping ~*~*~tactically~*~*~ (hiding).
  8150 | D:10     | 8150 ||| Stepping ~*~*~tactically~*~*~ (hiding).
  8152 | D:10     | 8152 ||| Stepping ~*~*~tactically~*~*~ (outnumbered).
  8156 | D:10     | 8156 ||| Stepping ~*~*~tactically~*~*~ (outnumbered).
  8157 | D:10     | Noticed an orange demon
  8159 | D:10     | 8159 ||| Stepping ~*~*~tactically~*~*~ (outnumbered).
  8165 | D:10     | Reached skill level 14 in Unarmed Combat
  8218 | D:10     | 8218 ||| Stepping ~*~*~tactically~*~*~ (stealth).
  8223 | D:10     | 8223 ||| Stepping ~*~*~tactically~*~*~ (stealth).
  8225 | D:10     | 8225 ||| Stepping ~*~*~tactically~*~*~ (stealth).
  8368 | D:10     | Noticed Fannar
  8369 | D:10     | Noticed a boulder beetle
  8370 | D:10     | 8370 ||| INVOKING Fiery Armour.
  8372 | D:10     | Noticed a death yak
  8375 | D:10     | Noticed a death yak
  8376 | D:10     | HP: 23/98 [boulder beetle (16)]
  8376 | D:10     | Noticed a death yak
  8377 | D:10     | 8377 ||| READING 4 scrolls of teleportation.
  8377 | D:10     | Slain by a boulder beetle

Levels and vault maps discovered:
D:1:      lightli_iron_boxes, layout_rooms, minmay_split_cup_small
D:2:      layout_basic, palyth_stone_intersect
D:3:      layout_rooms, zin_angel, hellmonk_ecumenical_altar_inner_sanctum,
          kennysheep_cross_bottleneck, minmay_tree_intersection,
          chequers_serial_rivers_micro_c, minmay_misc_feat_doors, uniq_ijyb
D:4:      layout_rooms, minmay_crystal_room, chequers_decorated_corner,
          uniq_pikel
D:5:      kennysheep_kobold_camp, layout_rooms, enter_ossuary_4
D:6:      layout_basic, kennysheep_donut, minmay_fractal_squares_gapless_5
D:7:      layout_gridville, temple_fountains, gammafunk_ghost_cemetery,
          serial_rivers, chequers_serial_rivers_micro_b,
          chequers_serial_rivers_small_3, chequers_serial_rivers_micro_b,
          chequers_serial_rivers_room_a, chequers_serial_rivers_large_b,
          chequers_serial_rivers_micro_d
D:8:      layout_basic, nemelex_altar_shiori, kennysheep_mini
D:9:      layout_cave_pods, lemuel_crystal_altar, serial_rivers,
          chequers_serial_rivers_room_a, chequers_serial_rivers_marsh,
          chequers_serial_rivers_small_3, chequers_serial_rivers_micro_a,
          hangedman_abyss_or_decor_stabs, nicolae_figureground_pulse, uniq_erica
D:10:     layout_basic, dpeg_lair_monsters, uniq_erolcha, uniq_fannar

Skill      XL: |  1  2  3  4  5  6  7  8  9 10 |
---------------+-------------------------------+-----
Unarmed Combat | 4 5 6 9 10 12 14 | 14.6
Fighting       | 3 4 6 |  6.1
Throwing       | 1 2 3 |  3.1
Dodging        | 1 |  1.1
Armour         | 2 |  2.9
Spellcasting   | |  1.0
Fire Magic     | |  2.1

Action                   |  1- 3 |  4- 6 |  7- 9 | 10-12 || total
-------------------------+-------+-------+-------+-------++-------
Melee: Unarmed           |   114 |   105 |   197 |   155 ||   571
       Punch             |     1 |     2 |     5 |     6 ||    14
Throw: Boomerang         |       |       |    47 |     2 ||    49
       Javelin           |       |       |    11 |    26 ||    37
Invok: Fiery Armour      |     1 |     1 |     8 |     3 ||    13
  Use: Scroll            |     4 |       |     9 |     6 ||    19
       Potion            |     1 |     2 |     4 |     2 ||     9
Armor: Robe              |    44 |    30 |    74 |     6 ||   154
       Steam dragon scal |       |       |       |    30 ||    30
Dodge: Dodged            |    53 |    41 |    79 |    52 ||   225
Block: Other             |       |       |    13 |    40 ||    53
       Reflection        |       |       |     2 |     5 ||     7

Table legend:
 A = Non-vault XP
 B = Vault XP
 C = Vault XP percentage of total XP
 D = Non-vault monster count
 E = Vault monster count
 F = Vault count percentage of total count
                 A         B        C        D         E       F
            +---------+---------+-------+---------+---------+-------
      Total |    8775 |    2062 |  19.0 |     201 |      34 |  14.5
            +---------+---------+-------+---------+---------+-------
        D:1 |      39 |       6 |  13.3 |      23 |       3 |  11.5
        D:2 |      34 |       0 |   0.0 |      12 |       0 |   0.0
        D:3 |      70 |      36 |  34.0 |      12 |       1 |   7.7
        D:4 |     464 |     607 |  56.7 |      34 |       1 |   2.9
        D:5 |     567 |     129 |  18.5 |      21 |      23 |  52.3
        D:6 |    1021 |     453 |  30.7 |      17 |       5 |  22.7
        D:7 |     554 |       0 |   0.0 |      10 |       0 |   0.0
        D:8 |    2404 |       0 |   0.0 |      28 |       0 |   0.0
        D:9 |    1566 |     831 |  34.7 |      26 |       1 |   3.7
       D:10 |    2056 |       0 |   0.0 |      18 |       0 |   0.0
            +---------+---------+-------+---------+---------+-------
